 Dungeon Crawl Stone Soup version 0.31.0-12-g77e489cdc1 (webtiles) character file.

Game seed: 16059014538699424502

14 Marvel the Ducker (level 2, -2/33 HPs)
             Began as a Merfolk Gladiator on Feb 24, 2024.
             Slain by a hobgoblin (4 damage)
             ... on level 1 of the Dungeon.
             The game lasted 00:01:32 (193 turns).

Marvel the Ducker (Merfolk Gladiator)                Turns: 193, Time: 00:01:32

Health: -2/33      AC:  4    Str: 14    XL:     2   Next: 45%
Magic:  2/2        EV: 13    Int:  7    God:
Gold:   40         SH:  0    Dex: 15    Spells: 1/1 levels left

rFire   + . .        a - +0 rapier
rCold   + . .        (no shield)
rNeg    . . .        b - +0 leather armour
rPois   +            c - +0 helmet
rElec   +            (no cloak)
rCorr   +            (no gloves)
SInv    .            (no boots)
Will    .....        (no amulet) Stlth
                     (no ring)
HPRegen 0.25/turn    (no ring)
MPRegen 0.08/turn

%: no passive effects
@: berserking, resistant, very quick
A: (nimble swimmer 2), mertail
a: no special abilities


You were on level 1 of the Dungeon.
You visited 1 branch of the dungeon, and saw 1 of its levels.

You collected 40 gold pieces.

Inventory:

Hand Weapons
 a - a +0 rapier (weapon)
Missiles
 d - 3 throwing nets (quivered)
 e - a javelin
 f - 2 poisoned darts
Armour
 b - a +0 leather armour (worn)
 c - a +0 helmet (worn)
Jewellery
 i - a +5 ring of evasion
Scrolls
 h - a scroll of summoning {unknown}
Potions
 g - a potion of haste {unknown}
 j - a potion of heal wounds {unknown}
 k - a potion of resistance


   Skills:
 + Level 2.3 Fighting
 + Level 4.0 Short Blades
 + Level 2.0 Throwing
 + Level 0.1 Armour
 + Level 4.4 Dodging


You had one spell level left.
You didn't know any spells.
Your spell library was empty.

Dungeon Overview and Level Annotations

Branches:
Dungeon (1/15)

Altars:


Innate Abilities, Weirdness & Mutations

((You are very nimble when in or above water. (Stealth+, EV+, Speed+++)))
Your lower body shifts to a powerful aquatic tail in water.


Message History

You hit the jackal.
You kill the jackal!
The hobgoblin hits you but does no damage.
A kobold comes into view. It is wielding a +0 short sword.
The jackal bites you.
Your Short Blades skill increases to level 4!
The kobold shouts!
You hit the jackal.
The jackal is severely wounded.
The jackal bites you but does no damage.
The hobgoblin closely misses you.
You barely miss the jackal.
The jackal is severely wounded.
A ball python comes into view.
The jackal closely misses you. The hobgoblin closely misses you.
The ball python hisses angrily.
You hit the jackal but do no damage.
The jackal is severely wounded.
The jackal completely misses you. The hobgoblin hits you.
* * * LOW HITPOINT WARNING * * *
The jackal bites you but does no damage.
The jackal attacks as it pursues you! The jackal misses you.
The jackal bites you.
* * * LOW HITPOINT WARNING * * *
The jackal attacks as it pursues you! The jackal bites you.
* * * LOW HITPOINT WARNING * * *
It was a potion of resistance.
You feel protected.
The jackal bites you but does no damage.
The jackal barely misses you.
It was a potion of berserk rage.
A red film seems to cover your vision as you go berserk!
You feel yourself moving faster!
You feel mighty! The jackal misses you.
You are too injured to fight recklessly!
You are too injured to fight recklessly!
You hit the jackal.
You kill the jackal!
You are too berserk!
The hobgoblin hits you.
You die...

#.............# #.#
#.............####...#
#.......#####....###....
#>........######.# #.###
#............# #.# ..#
#............###.####..##
#....)...................
#........)...####.#.###.#
#...........Kg@.....#
###.........S####...##
#...........g##....#
#..........#.†...#..#
#..........##†...##....
############..K..# #...
...##.S# .... ..## #..#
... #.. ...#


You could see a hobgoblin, a ball python and a kobold.

Vanquished Creatures
  An endoplasm (D:1)
  3 giant cockroaches (D:1)
  A hobgoblin (D:1)
  4 jackals (D:1)
  A kobold (D:1)
  A bat (D:1)
11 creatures vanquished.

Notes
Turn   | Place    | Note
-------+----------+-------------------------------------------
     0 | D:1      | Marvel the Merfolk Gladiator began the quest for the Orb.
     0 | D:1      | Reached XP level 1. HP: 16/16 MP: 1/1
   169 | D:1      | Reached XP level 2. HP: 22/22 MP: 2/2
   189 | D:1      | HP: 1/22 [jackal (2)]
   193 | D:1      | Slain by a hobgoblin

Illustrated notes

Levels and vault maps discovered:
D:1:      spicycebolla_arrival_clurvy, layout_rooms, minmay_hexomino_p4

Skill      XL: |  1  2 |
---------------+-------+-----
Short Blades   | 4 |  4.0
Fighting       | |  2.3
Throwing       | |  2.0
Armour         | |  0.1
Dodging        | |  4.4

Action                     || total
---------------------------++-------
  Melee: Rapier            ||    43
    Use: Potion            ||     2
 Armour: Leather armour    ||    39
  Dodge: Dodged            ||    44
